General information
- name: BNet
- type: Ladder team game (AT/RT)
- host: Battle.net
- saver: teelo
map: TwilightRuins
- players: 8
- length: 15:39
- speed: Fast
- version: 1.26 W3XP
- replay type: Public
» download(109 KB)
Players
team 1 (winner)
Anything (
yellow | 166 APM | 1597 actions | 09:36)
3 Paladin
2 Holy Light
1 Devotion Aura
» actions
| Assign group hotkey | 27 | |
| Basic commands | 92 | |
| Build / train | 52 | |
| ESC pressed | 1 | |
| Enter build submenu | 21 | |
| Enter hero's abilities submenu | 3 | |
| Give item / drop item | 1 | |
| Right click | 473 | |
| Select / deselect | 237 | |
| Select group hotkey | 628 | |
| Use ability | 62 | |
1597 total
» units
» upgrades
» buildings
| Altar of Kings | 1 | |
| Farm | 7 | |
| Town Hall | 1 | |
| Barracks | 2 | |
| Lumber Mill | 1 | |
| Arcane Vault | 1 | |
| Keep | 3 | |
| Blacksmith | 2 | |
| Scout Tower | 6 | |
| Guard Tower | 2 | |
26 total
» build order
00:08 Altar of Kings
00:10 Farm
01:41 Farm
02:50 Town Hall
03:06 Barracks
03:41 Barracks
04:16 Lumber Mill
04:36 Arcane Vault
04:57 Farm
05:19 Keep
05:19 Keep
05:26 Farm
05:28 Farm
06:03 Blacksmith
06:31 Blacksmith
07:38 Farm
07:39 Farm
09:02 Scout Tower
09:02 Scout Tower
09:03 Scout Tower
09:04 Scout Tower
09:06 Scout Tower
09:07 Scout Tower
09:29 Guard Tower
09:29 Guard Tower
» items
| Scroll of Regeneration | 3 | |
| Lesser Clarity Potion | 4 | |
| Scroll of Town Portal | 1 | |
8 total

»
teelo (
blue | 78 APM | 1224 actions | 15:39)
6 Death Knight
3 Death Coil
2 Unholy Aura
1 Animate Dead
2 Paladin
1 Divine Shield
1 Holy Light
» actions
| Assign group hotkey | 217 | |
| Basic commands | 68 | |
| Build / train | 72 | |
| ESC pressed | 1 | |
| Enter build submenu | 19 | |
| Enter hero's abilities submenu | 8 | |
| Give item / drop item | 2 | |
| Remove unit from queue | 1 | |
| Right click | 314 | |
| Select / deselect | 156 | |
| Select group hotkey | 289 | |
| Use ability | 77 | |
1224 total
» units
| Acolyte | 7 | |
| Ghoul | 4 | |
| Crypt Fiend | 11 | |
| Footman | 9 | |
31 total
» upgrades
| Creature Attack | 3 | |
| Creature Carapace | 4 | |
| Burrow | 1 | |
| Web | 1 | |
| Swords | 2 | |
| Plating | 2 | |
| Masonry | 1 | |
| Lumber Harvesting | 1 | |
15 total
» buildings
| Ziggurat | 8 | |
| Altar of Darkness | 2 | |
| Tomb of Relics | 1 | |
| Crypt | 2 | |
| Nerubian Tower | 1 | |
| Graveyard | 1 | |
| Halls of the Dead | 1 | |
| Spirit Tower | 2 | |
| Black Citadel | 1 | |
19 total
» build order
00:07 Ziggurat
00:09 Altar of Darkness
00:23 Altar of Darkness
00:24 Ziggurat
00:42 Tomb of Relics
00:59 Crypt
01:17 Nerubian Tower
01:53 Graveyard
02:04 Ziggurat
03:48 Crypt
04:41 Halls of the Dead
05:40 Ziggurat
05:41 Ziggurat
06:36 Spirit Tower
12:24 Black Citadel
12:28 Ziggurat
12:29 Ziggurat
12:29 Ziggurat
15:21 Spirit Tower
» items
| Rod of Necromancy | 1 | |
| Dust of Appearance | 1 | |
| Scroll of Regeneration | 1 | |
| Lesser Clarity Potion | 2 | |
| Ivory Tower | 1 | |
| Potion of Healing | 2 | |
| Staff of Teleportation | 1 | |
| Potion of Mana | 1 | |
10 total

»
iHalo (
green | 60 APM | 934 actions | 15:38)
4 Priestess of the Moon
2 Searing Arrows
2 Trueshot Aura
2 Keeper of the Grove
1 Entangling Roots
1 Thorns Aura
» actions
| Basic commands | 76 | |
| Build / train | 70 | |
| ESC pressed | 1 | |
| Enter build submenu | 19 | |
| Enter hero's abilities submenu | 6 | |
| Remove unit from queue | 9 | |
| Right click | 417 | |
| Select / deselect | 293 | |
| Use ability | 43 | |
934 total
» units
| Wisp | 24 | |
| Huntress | 8 | |
| Archer | 11 | |
| Hippogryph | 7 | |
| Knight | 3 | |
53 total
» upgrades
| Hippogryph Taming | 1 | |
| Improved Bows | 1 | |
| Strength of the Moon | 1 | |
| Animal War Training | 1 | |
| Marksmanship | 1 | |
5 total
» buildings
| Altar of Elders | 1 | |
| Moon Well | 6 | |
| Ancient of War | 1 | |
| Hunter's Hall | 1 | |
| Ancient Protector | 4 | |
| Tree of Ages | 2 | |
| Ancient of Wonders | 1 | |
| Tree of Life | 1 | |
| Ancient of Wind | 2 | |
| Tree of Eternity | 1 | |
20 total
» build order
00:16 Altar of Elders
00:18 Moon Well
01:24 Moon Well
01:54 Ancient of War
02:04 Hunter's Hall
02:33 Moon Well
04:10 Ancient Protector
04:14 Moon Well
04:25 Ancient Protector
05:32 Ancient Protector
06:52 Tree of Ages
06:53 Tree of Ages
07:51 Ancient of Wonders
08:37 Tree of Life
08:59 Ancient Protector
10:22 Ancient of Wind
10:24 Ancient of Wind
11:50 Moon Well
12:37 Tree of Eternity
13:16 Moon Well
raah (
red | 34 APM | 536 actions | 15:38)
5 Archmage
3 Summon Water Elemental
2 Blizzard
» actions
| Basic commands | 10 | |
| Build / train | 59 | |
| Enter build submenu | 14 | |
| Enter hero's abilities submenu | 5 | |
| Give item / drop item | 1 | |
| Remove unit from queue | 4 | |
| Right click | 226 | |
| Select / deselect | 176 | |
| Use ability | 41 | |
536 total
» units
| Peasant | 14 | |
| Footman | 8 | |
| Goblin Shredder | 1 | |
| Gryphon Rider | 6 | |
| Rifleman | 4 | |
| Siege Engine | 4 | |
37 total
» upgrades
| Swords | 2 | |
| Storm Hammers | 1 | |
| Armor | 1 | |
| Gunpowder | 2 | |
| Plating | | |
| Barrage | 1 | |
7 total
» buildings
| Altar of Kings | 1 | |
| Farm | 13 | |
| Barracks | 1 | |
| Town Hall | 1 | |
| Keep | 1 | |
| Blacksmith | 1 | |
| Lumber Mill | 1 | |
| Arcane Vault | 1 | |
| Castle | 2 | |
| Gryphon Aviary | 4 | |
| Workshop | 2 | |
28 total
» build order
00:24 Altar of Kings
00:36 Farm
00:37 Farm
00:59 Barracks
01:36 Farm
01:37 Farm
02:35 Farm
03:37 Town Hall
04:50 Keep
05:24 Blacksmith
05:49 Lumber Mill
05:53 Arcane Vault
06:26 Farm
06:26 Farm
06:27 Farm
06:27 Farm
06:28 Farm
06:28 Farm
06:28 Farm
06:29 Farm
07:34 Castle
07:43 Gryphon Aviary
07:45 Gryphon Aviary
07:47 Gryphon Aviary
08:33 Gryphon Aviary
09:57 Castle
13:59 Workshop
14:03 Workshop
» items
team 2 (loser)

»
FrozenMatrix (
teal | 40 APM | 590 actions | 14:38)
2 Death Knight
1 Death Coil
1 Unholy Aura
2 Mountain King
1 Storm Bolt
1 Bash
1 Paladin
1 Divine Shield
1 Dreadlord
1 Vampiric Aura
» actions
| Build / train | 63 | |
| Enter build submenu | 29 | |
| Enter hero's abilities submenu | 6 | |
| Give item / drop item | 1 | |
| Right click | 238 | |
| Select / deselect | 193 | |
| Use ability | 60 | |
590 total
» units
| Acolyte | 9 | |
| Ghoul | 6 | |
| Peasant | 12 | |
| Gryphon Rider | 4 | |
| Gargoyle | 6 | |
| Frost Wyrm | 2 | |
39 total
» upgrades
| Creature Attack | 3 | |
| Creature Carapace | 2 | |
| Masonry | 2 | |
| Lumber Harvesting | 1 | |
8 total
» buildings
| Ziggurat | 9 | |
| Altar of Darkness | 1 | |
| Crypt | 2 | |
| Graveyard | 1 | |
| Guard Tower | 3 | |
| Farm | 7 | |
| Scout Tower | 2 | |
| Halls of the Dead | 1 | |
| Keep | 1 | |
| Black Citadel | 1 | |
| Castle | 1 | |
| Gryphon Aviary | 3 | |
| Sacrificial Pit | 1 | |
| Boneyard | 3 | |
| Blacksmith | 1 | |
| Town Hall | 1 | |
38 total
» build order
00:56 Ziggurat
01:01 Altar of Darkness
01:04 Crypt
01:30 Graveyard
01:39 Ziggurat
02:36 Guard Tower
02:41 Farm
03:08 Scout Tower
03:23 Farm
03:52 Guard Tower
04:14 Halls of the Dead
04:55 Keep
06:30 Scout Tower
07:23 Ziggurat
07:24 Ziggurat
07:27 Ziggurat
07:33 Black Citadel
07:38 Guard Tower
08:01 Castle
08:13 Ziggurat
08:26 Gryphon Aviary
08:30 Gryphon Aviary
08:35 Gryphon Aviary
10:05 Sacrificial Pit
10:14 Ziggurat
10:48 Farm
10:49 Farm
10:50 Farm
10:50 Farm
10:53 Farm
11:00 Boneyard
11:05 Boneyard
11:07 Boneyard
11:13 Crypt
11:21 Ziggurat
11:24 Ziggurat
11:51 Blacksmith
12:53 Town Hall
Nim-Yersinia (
pink | 87 APM | 1341 actions | 15:29)
4 Beastmaster
2 Summon Quilbeast
2 Summon Hawk
2 Priestess of the Moon
1 Trueshot Aura
1 Searing Arrows
» actions
| Assign group hotkey | 50 | |
| Basic commands | 114 | |
| Build / train | 55 | |
| Enter build submenu | 13 | |
| Enter hero's abilities submenu | 6 | |
| Give item / drop item | 5 | |
| Remove unit from queue | 2 | |
| Right click | 473 | |
| Select / deselect | 285 | |
| Select group hotkey | 275 | |
| Use ability | 63 | |
1341 total
» units
| Wisp | 10 | |
| Archer | 13 | |
| Dryad | 3 | |
| Goblin Shredder | 1 | |
| Frost Wyrm | 1 | |
28 total
» upgrades
| Ultravision | 1 | |
| Improved Bows | 1 | |
| Abolish Magic | 1 | |
| Freezing Breath | 1 | |
4 total
» buildings
| Ancient of War | 1 | |
| Moon Well | 4 | |
| Altar of Elders | 1 | |
| Tree of Ages | 1 | |
| Ancient of Wonders | 1 | |
| Hunter's Hall | 1 | |
| Ancient of Lore | 2 | |
| Tree of Eternity | 1 | |
| Tree of Life | 1 | |
| Arcane Vault | 1 | |
14 total
» build order
00:14 Ancient of War
00:19 Moon Well
01:02 Altar of Elders
01:30 Moon Well
02:39 Moon Well
03:30 Tree of Ages
03:43 Ancient of Wonders
04:39 Hunter's Hall
04:51 Moon Well
10:10 Ancient of Lore
10:11 Tree of Eternity
10:13 Ancient of Lore
10:54 Tree of Life
12:19 Arcane Vault
» items
| Lesser Clarity Potion | 2 | |
| Dust of Appearance | 1 | |
| Healing Salve | 1 | |
| Scroll of Speed | 1 | |
| Scroll of Town Portal | 2 | |
| Potion of Healing | 1 | |
| Potion of Mana | 1 | |
| Scroll of Healing | 1 | |
| Potion of Lesser Invulnerability | 1 | |
11 total
manbearpig54 (
orange | 32 APM | 499 actions | 15:38)
3 Blademaster
1 Wind Walk
1 Critical Strike
1 Mirror Image
2 Shadow Hunter
1 Healing Wave
1 Serpent Ward
» actions
| Basic commands | 4 | |
| Build / train | 49 | |
| Enter build submenu | 13 | |
| Enter hero's abilities submenu | 6 | |
| Give item / drop item | 4 | |
| Right click | 217 | |
| Select / deselect | 168 | |
| Use ability | 38 | |
499 total
» units
» upgrades
| Melee Weapons | 3 | |
| Berserker Strength | 1 | |
| Armor | 2 | |
| Shaman Training | 2 | |
8 total
» buildings
| Orc Burrow | 5 | |
| Altar of Storms | 1 | |
| Barracks | 1 | |
| Stronghold | 1 | |
| War Mill | 1 | |
| Voodoo Lounge | 1 | |
| Great Hall | 1 | |
| Fortress | 1 | |
| Spirit Lodge | 1 | |
| Tauren Totem | 1 | |
14 total
» build order
00:30 Orc Burrow
00:37 Altar of Storms
01:15 Barracks
01:24 Orc Burrow
03:03 Orc Burrow
03:41 Stronghold
04:13 War Mill
04:26 Voodoo Lounge
05:05 Orc Burrow
08:35 Great Hall
10:20 Fortress
10:24 Spirit Lodge
11:01 Orc Burrow
12:42 Tauren Totem
» items
| Potion of Healing | 1 | |
| Healing Salve | 2 | |
| Scroll of Speed | 1 | |
| Claws of Attack +6 | 1 | |
| Gloves of Haste | 1 | |
| Orb of Lightning | 1 | |
7 total

»
SiameaseS (
purple | 30 APM | 71 actions | 02:23)
» actions
| Build / train | 8 | |
| Enter build submenu | 8 | |
| Right click | 19 | |
| Select / deselect | 28 | |
| Use ability | 8 | |
71 total
» units
» buildings
| Altar of Kings | 1 | |
| Farm | 4 | |
| Scout Tower | 2 | |
| Lumber Mill | 1 | |
| Arcane Tower | 1 | |
9 total
» build order
00:10 Altar of Kings
00:31 Farm
00:49 Scout Tower
01:05 Lumber Mill
01:12 Farm
01:31 Scout Tower
01:46 Farm
01:50 Farm
02:11 Arcane Tower
Chat log
(07:43 / Allies) teelo: no shop or did it die?
(07:53 / Allies) Anything: blue
(07:54 / Allies) Anything: come
(07:56 / Allies) iHalo: thats what i forgot.
(08:01 / Allies) teelo: im all the way down here
(13:07 / Allies) iHalo: knights with yellow not foots